 Dungeon Crawl Stone Soup version 0.30.0-20-g3615ddf2f0 (webtiles) character file.

Game seed: 4013851804672018683

55 qw the Chopper (level 3, 0/23 HPs)
             Began as a Gargoyle Fighter on May 30, 2023.
             Killed by divine providence
             ... invoked by an orc priest
              (10 damage)
             ... on level 3 of the Dungeon.
             The game lasted 00:00:49 (1896 turns).

qw the Chopper (Gargoyle Fighter)                   Turns: 1896, Time: 00:00:49

Health: 0/23       AC: 18    Str: 21      XL:     3   Next: 93%
Magic:  3/3        EV: 10    Int:  6 (8)  God:
Gold:   129        SH:  4    Dex:  8 (9)  Spells: 2/2 levels left

rFire   . . .        Y - +0 war axe
rCold   . . .        c - +0 buckler
rNeg    + . .        i - +0 plate armour
rPois   inf          f - +0 helmet
rElec   +            e - +0 cloak
rCorr   .            (no gloves)
SInv    .            o - +0 pair of boots
Will    .....        (no amulet) Stlth
                     h - +5 ring of evasion
HPRegen 0.23/turn    (no ring)
MPRegen 0.08/turn

%: no passive effects
@: no status effects
A: sickness immunity, AC +3, negative energy resistance 1, electricity
resistance, torment resistance 1, petrification resistance
a: no special abilities


You were on level 3 of the Dungeon.
You visited 1 branch of the dungeon, and saw 3 of its levels.

You collected 129 gold pieces.


Innate Abilities, Weirdness & Mutations

You are immune to sickness and miasma.
Your stone body is resilient. (AC +3)
You are immune to poison.
You resist negative energy. (rN+)
You are resistant to electric shocks. (rElec)
You are resistant to unholy torment.
You are immune to petrification.


   Skills:
 - Level 3.2 Fighting
 + Level 3.7 Axes
 - Level 3.2 Armour
 - Level 3.2 Shields


You had 2 spell levels left.
You didn't know any spells.
Your spell library was empty.

Inventory:

Hand Weapons
 n - a +0 mace
 Y - a +0 war axe (weapon)
Armour
 c - a +0 buckler (worn)
 e - a +0 cloak (worn)
 f - a +0 helmet (worn)
 i - a +0 plate armour (worn)
 o - a +0 pair of boots (worn)
Jewellery
 h - a +5 ring of evasion (left hand)
Scrolls
 a - 2 scrolls of identify
Potions
 d - a potion of might
 g - 2 potions of flight {unknown}
 k - a potion of curing
 l - a potion of attraction {unknown}
 m - a potion of lignification

Dungeon Overview and Level Annotations

Branches:
Dungeon (3/15)

Altars:

Shops:
D:1 :


Message History

You kill the orc!
You see here a +0 short sword.
An orc wizard and a bat come into view.
The orc wizard gestures at you while chanting.
The puff of flame hits you.
Enter note:
Enter note:
Enter note: An orc priest comes into view.
It is wielding a +0 club.
The bat hits you but does no damage.
Enter note:
Enter note:
Enter note: You closely miss the bat.
The bat hits you but does no damage.
The orc wizard mumbles some strange words.
The orc wizard flickers and vanishes!
Deactivating autopickup; reactivate with Ctrl-A.
You barely miss the bat. The bat barely misses you.
The bat hits you but does no damage.
A magic dart appears from out of thin air!
The magic dart hits you.
The orc priest invokes the aid of Beogh against you.
Beogh smites you!
You hear a shout!
An orc comes into view. It is wielding a +0 short sword.
The orc shouts!
The bat closely misses you.
Enter note:
Enter note:
Enter note: You closely miss the bat.
The bat hits you but does no damage. The bat barely misses you.
You slash the orc priest!
The orc priest is severely wounded.
You miss something. The bat closely misses you.
Something hits you but does no damage.
The orc priest calls down the wrath of Beogh upon you.
Beogh smites you!
You die...

##......#.. ##...#......
.......# ## .........##
#..<...##.. .....##...#
##...#......
.#...##...## ...........
.>...)###..# ...........
.#..#......##..>.......#
##.######....###.b......
#.# #....)..@o..o... #.#
###.#.#......#.. #.
#.#........#
#.###.##...# #.# #.#
....# #.. #.# #..... ##.
... ..... . #.# .....


You could see an orc priest, an orc and a bat.

Vanquished Creatures
  2 worms (D:2)
  An orc (D:3)
  4 ball pythons (D:2)
  5 bats
  3 endoplasms
  5 giant cockroaches
  8 goblins
  4 hobgoblins
  2 jackals (D:2)
  4 kobolds
  A quokka (D:2)
  A rat (D:2)
40 creatures vanquished.

Notes
Turn   | Place    | Note
-------+----------+-------------------------------------------
     0 | D:1      | qw the Gargoyle Fighter began the quest for the Orb.
     0 | D:1      | Reached XP level 1. HP: 14/14 MP: 1/1
     0 | D:1      | 0 ||| qw: Version: 0.2-a-102-g2b76a06
     0 | D:1      | 0 ||| qw: Game counter: 477
     0 | D:1      | 0 ||| qw: Always use a shield: true
     0 | D:1      | 0 ||| qw: God list: Okawaru
     0 | D:1      | 0 ||| qw: Allow faded altars: false
     0 | D:1      | 0 ||| qw: Do Orc after D:15 true
     0 | D:1      | 0 ||| qw: Do second Lair branch before Depths: true
     0 | D:1      | 0 ||| qw: Lair rune preference: random
     0 | D:1      | 0 ||| qw: Plans: Normal, Zot:1-4, Slime:5, God:TSO, Crypt,
                  | Tomb, Pan, Hells, Abyss, Win
     0 | D:1      | 0 ||| PLANNING D:1-11
   159 | D:1      | 159 ||| Stepping ~*~*~tactically~*~*~ (stealth).
   160 | D:1      | 160 ||| Stepping ~*~*~tactically~*~*~ (stealth).
   172 | D:1      | 172 ||| Stepping ~*~*~tactically~*~*~ (hiding).
   189 | D:1      | Reached XP level 2. HP: 19/19 MP: 2/2
   198 | D:1      | Found Cuastryxt's Book Boutique.
   271 | D:1      | 271 ||| Stepping ~*~*~tactically~*~*~ (stealth).
   273 | D:1      | 273 ||| Stepping ~*~*~tactically~*~*~ (stealth).
   716 | D:1      | 716 ||| DROPPING +0 club.
   844 | D:1      | 844 ||| UPGRADING to +0 helmet.
   849 | D:1      | 849 ||| READING scroll labelled OCLEDOAHUH.
   850 | D:1      | 850 ||| READING scroll labelled RUFAGI MEHYUFERITH.
   851 | D:1      | 851 ||| READING scroll labelled HIMIUK FUDITEU.
   952 | D:1      | 952 ||| DRINKING 3 glowing red potions.
   953 | D:1      | 953 ||| DRINKING 2 fuming grey potions.
   954 | D:1      | 954 ||| DROPPING 2 potions of degeneration.
  1005 | D:2      | Reached skill level 3 in Axes
  1005 | D:2      | Reached XP level 3. HP: 16/23 MP: 3/3
  1299 | D:2      | 1299 ||| Stepping ~*~*~tactically~*~*~ (stealth).
  1300 | D:2      | 1300 ||| Stepping ~*~*~tactically~*~*~ (stealth).
  1301 | D:2      | 1301 ||| Stepping ~*~*~tactically~*~*~ (stealth).
  1309 | D:2      | 1309 ||| Stepping ~*~*~tactically~*~*~ (stealth).
  1689 | D:2      | 1689 ||| UPGRADING to +0 cloak.
  1694 | D:2      | 1694 ||| UPGRADING to +0 plate armour.
  1704 | D:2      | 1704 ||| DROPPING +0 scale mail.
  1705 | D:2      | 1705 ||| UPGRADING to +0 pair of boots.
  1710 | D:2      | 1710 ||| UPGRADING to +5 ring of evasion.
  1711 | D:2      | 1711 ||| READING scroll labelled ZAWUEL FEAS.
  1712 | D:2      | 1712 ||| DRINKING 2 black potions.
  1882 | D:3      | 1882 ||| Stepping ~*~*~tactically~*~*~ (stealth).
  1896 | D:3      | Killed from afar by an orc priest

Levels and vault maps discovered:
D:1:      nicolae_arrival_somewhat_less_tricky_arrival, layout_loops_ring,
          serial_shops, shop, serial_forest, infiniplex_forest_zigzag_1,
          infiniplex_forest_clump_diagonal, infiniplex_forest_clump_tiny,
          infiniplex_forest_clump_double, infiniplex_forest_clump_C,
          infiniplex_forest_clump_diagonal, infiniplex_forest_clump_tiny,
          infiniplex_forest_side_room, infiniplex_forest_zigzag_1
D:2:      layout_loops_cross, hex_large
D:3:      layout_rooms, nemelex_xobeh_ov_fountains_minmay

Skill      XL: |  1  2 |
---------------+-------+-----
Axes           | 2 3 |  3.7
Fighting       | |  3.2
Armour         | |  3.2
Shields        | |  3.2

Action                     || total
---------------------------++-------
  Melee: War axe           ||   100
    Use: Scroll            ||     4
         Potion            ||     3
 Armour: Scale mail        ||    44
         Plate armour      ||     7
  Dodge: Dodged            ||    43
  Block: Buckler           ||    14

Table legend:
 A = Non-vault XP
 B = Vault XP
 C = Vault XP percentage of total XP
 D = Non-vault monster count
 E = Vault monster count
 F = Vault count percentage of total count
                 A         B        C        D         E       F
            +---------+---------+-------+---------+---------+-------
      Total |      79 |       0 |   0.0 |      40 |       0 |   0.0
            +---------+---------+-------+---------+---------+-------
        D:1 |      24 |       0 |   0.0 |      13 |       0 |   0.0
        D:2 |      46 |       0 |   0.0 |      23 |       0 |   0.0
        D:3 |       9 |       0 |   0.0 |       4 |       0 |   0.0
            +---------+---------+-------+---------+---------+-------
